Gulls vs Thunderbirds
Created - January 21, 2025 at 20:15
Goals
|
| Gulls |
1 |
0 |
1 |
0 |
2 |
2 |
| Thunderbirds |
0 |
1 |
1 |
0 |
3 |
3 |
|
Shots
|
| Gulls |
10 |
3 |
13 |
2 |
7 |
28 |
| Thunderbirds |
10 |
11 |
16 |
0 |
7 |
37 |
|
1st period
1. Gulls , Dean Kukan 2 (Logan Brown 37, Jakub Vrana 20) at 15:14 (PP)
Penalties :
Dylan Sikura (Spr) for Roughing (Minor) at 5:31, Logan Brown (S.D) for Hooking (Minor) at 8:50, Joachim Blichfeld (Spr) for Interference (Minor) at 14:57, Sami Niku (Spr) for Tripping (Minor) at 16:21
2nd period
2. Thunderbirds , Dylan Blujus 4 (Pierre Engvall 7, Joachim Blichfeld 22) at 9:58
Penalties :
Emil Bemstrom (Spr) for Slashing (Double Minor) at 1:12, Logan Brown (S.D) for Roughing (Minor) at 11:31
3rd period
3. Thunderbirds , Nathan Smith 1 (Joachim Blichfeld 23, Pierre Engvall 8) at 4:21
4. Gulls , Anton Blidh 18 (Logan Brown 38) at 4:27
Penalties :
Logan Brown (S.D) for Tripping (Minor) at 7:59, Anton Blidh (S.D) for Interference (Minor) at 10:45, Henri Jokiharju (Spr) for Tripping (Minor) at 16:45
Overtime #1
No Goal
Penalties :
No Penalty
Shootout
Gulls, Jakub Vrana - Goal!
Thunderbirds, Nathan Smith - Goal!
Gulls, Logan Brown - Stopped by Emil Larmi
Thunderbirds, Anthony Richard - Shot Misses the Net
Gulls, Scott Wilson - Stopped by Emil Larmi
Thunderbirds, Joachim Blichfeld - Shot Misses the Net
Gulls, Anton Blidh - Stopped by Emil Larmi
Thunderbirds, Trey Fix-Wolansky - Stopped by Eamon McAdam
Gulls, Sergey Tolchinsky - Goal!
Thunderbirds, Rasmus Kupari - Goal!
Gulls, Troy Terry - Shot Misses the Net
Thunderbirds, Dylan Sikura - Shot Misses the Net
Gulls, Andrei Mironov - Shot Misses the Net
Thunderbirds, Emil Bemstrom - Goal!
Penalties :
No Penalty
Goalie Stats
Eamon McAdam (S.D), 35 saves from 37 shots - (0.946), OTL, 2-5-1, 65:00 minutes
Emil Larmi (Spr), 26 saves from 28 shots - (0.929), W, 14-11-1, 65:00 minutes
Players Stats for Gulls
Player Name G A P +/- PIM S H SB GA TA FO MP PP MP PK MP
------------------------------------------------------------------------------------
Andrei Mironov 0 0 0 0 0 1 2 1 0 3 0/0 23:32 5:46 0:00
Anton Blidh 1 0 1 0 2 5 3 1 0 0 0/0 23:15 5:04 1:10
Barrett Hayton 0 0 0 0 0 1 1 1 0 0 3/4 8:59 0:38 1:14
Connor Clifton 0 0 0 0 0 2 0 2 0 0 0/0 14:56 0:00 3:05
Dean Kukan 1 0 1 0 0 2 1 4 0 0 0/0 29:07 5:46 4:51
Dylan DeMelo 0 0 0 -1 0 0 2 0 0 0 0/0 23:26 4:27 3:05
Henri Ikonen 0 0 0 0 0 0 0 0 0 0 0/0 0:19 0:00 0:00
Jack Glover 0 0 0 -1 0 1 0 1 1 0 0/0 18:17 4:27 0:00
Jakub Vrana 0 1 1 0 0 0 3 0 0 1 0/0 20:47 5:12 0:00
Logan Brown 0 2 2 0 6 4 3 1 1 0 12/29 20:04 5:05 0:00
Luke Kunin 0 0 0 -1 0 3 1 1 0 0 9/22 15:43 0:00 4:25
Mikhail Maltsev 0 0 0 -1 0 2 1 0 0 0 0/0 11:35 0:32 0:00
Morgan Frost 0 0 0 0 0 3 1 1 0 1 5/10 18:35 4:30 2:17
Nick Merkley 0 0 0 0 0 1 0 0 0 0 0/0 8:09 0:31 0:00
Scott Wilson 0 0 0 -1 0 0 2 0 0 0 0/2 17:22 0:00 2:17
Sergey Tolchinsky 0 0 0 0 0 2 1 2 0 0 0/0 21:14 4:37 4:29
Tarmo Reunanen 0 0 0 0 0 0 1 2 0 3 0/0 15:42 0:00 4:51
Troy Terry 0 0 0 0 0 1 1 0 0 0 0/0 15:58 4:30 0:00
Players Stats for Thunderbirds
Player Name G A P +/- PIM S H SB GA TA FO MP PP MP PK MP
------------------------------------------------------------------------------------
Anthony Richard 0 0 0 0 0 5 5 0 0 0 4/12 20:36 3:39 3:25
Artturi Lehkonen 0 0 0 0 0 0 2 0 2 1 0/1 10:46 0:09 1:31
Dylan Blujus 1 0 1 1 0 1 2 1 0 0 0/0 19:09 0:00 3:47
Dylan Sikura 0 0 0 0 2 4 1 0 0 0 0/2 17:03 0:04 2:32
Emil Bemstrom 0 0 0 0 4 3 3 0 0 0 0/0 11:52 3:39 0:00
Frederic Allard 0 0 0 0 0 1 2 0 0 0 0/0 15:12 0:00 4:40
Henri Jokiharju 0 0 0 0 2 4 3 2 1 1 0/0 26:41 2:49 4:20
Jeremy Lauzon 0 0 0 0 0 3 2 1 1 0 0/0 31:34 5:07 5:46
Joachim Blichfeld 0 2 2 1 2 5 1 1 3 0 1/1 19:20 4:13 0:00
Matt Roy 0 0 0 1 0 1 1 0 0 0 0/0 17:01 2:49 1:13
Michael Rasmussen 0 0 0 0 0 3 3 0 0 0 0/0 16:39 4:08 0:00
Nathan Smith 1 0 1 1 0 4 2 0 0 0 19/31 18:54 4:05 0:00
Paul Cotter 0 0 0 0 0 0 1 0 0 0 0/0 7:21 0:00 0:00
Pierre Engvall 0 2 2 1 0 2 1 1 1 0 3/4 24:26 3:39 5:37
Rasmus Kupari 0 0 0 0 0 0 1 0 0 0 2/3 7:52 0:00 0:00
Sami Niku 0 0 0 0 2 0 0 1 0 0 0/0 15:46 5:07 0:40
Trent Frederic 0 0 0 0 0 0 1 0 0 0 9/12 14:41 0:12 5:17
Trey Fix-Wolansky 0 0 0 0 0 1 1 1 0 0 0/1 9:49 0:00 2:04
3 Stars
1 - Dylan Blujus (Spr)
2 - Nathan Smith (Spr)
3 - Eamon McAdam (S.D)
Power Play
Gulls - 1 on 6 Attempt(s) - 16.67%
Thunderbirds - 0 on 4 Attempt(s) - 0.00%
Penalty Kill
Gulls - 4 on 4 Attempt(s) - 100.00%
- Score 0 goal in Penalty Kill
Thunderbirds - 5 on 6 Attempt(s) - 83.33%
- Score 0 goal in Penalty Kill
Team Stat
Gulls - Hits : 23 - Faceoff Wins : 29 - Blocked Shots : 17 - Penalty Minutes : 8
Thunderbirds - Hits : 32 - Faceoff Wins : 38 - Blocked Shots : 8 - Penalty Minutes : 12
Official
Referees : Ghislain Hebert and Frederick L'Ecuyer
Linesman : Travis Toomey and Ryan Galloway
Game Notes
Henri Ikonen is injured at 3:15 of 1st period (Right Forearm)
Finance
Level 1 -- Attendance: 1896 (94.80%) -- Ticket Income $132,720
Level 2 -- Attendance: 882 (88.20%) -- Ticket Income $35,280
Total Attendance: 2778 (92.60%)
Total Ticket Income: $168,000
Other Income: $8,400
Total Income: $176,400
Gulls
5 vs 5 Forward
Center Left Wing Right Wing Time % Phy DF OF
1 Logan Brown Anton Blidh Jakub Vrana 35 0 2 3
2 Morgan Frost Sergey Tolchinsky Troy Terry 30 0 2 3
3 Luke Kunin Mikhail Maltsev Scott Wilson 25 0 2 3
4 Barrett Hayton Henri Ikonen Nick Merkley 10 1 2 2
5 vs 5 Defense
Defense Defense Time % Phy DF OF
1 Dean Kukan Andrei Mironov 40 1 2 2
2 Dylan DeMelo Jack Glover 30 1 2 2
3 Connor Clifton Tarmo Reunanen 20 1 2 2
4 Dean Kukan Andrei Mironov 10 1 2 2
PowerPlay Forward
Center Left Wing Right Wing Time % Phy DF OF
1 Logan Brown Anton Blidh Jakub Vrana 60 0 1 4
2 Morgan Frost Sergey Tolchinsky Troy Terry 40 0 1 4
PowerPlay Defense
Defense Defense Time % Phy DF OF
1 Dean Kukan Andrei Mironov 60 1 2 2
2 Dylan DeMelo Jack Glover 40 1 2 2
Penalty Kill 4 Players Forward
Center Wing Time % Phy DF OF
1 Luke Kunin Sergey Tolchinsky 60 1 2 2
2 Morgan Frost Scott Wilson 40 1 2 2
Penalty Kill 4 Players Defense
Defense Defense Time % Phy DF OF
1 Dean Kukan Tarmo Reunanen 60 1 2 2
2 Dylan DeMelo Connor Clifton 40 1 2 2
Penalty Kill - 3 Players Forward
Forward Time % Phy DF OF
1 Barrett Hayton 60 1 2 2
2 Morgan Frost 40 1 2 2
Penalty Kill - 3 Players Defense
Defense Defense Time % Phy DF OF
1 Connor Clifton Andrei Mironov 60 1 2 2
2 Tarmo Reunanen Jack Glover 40 1 2 2
4 vs 4 Forward
Center Wing Time % Phy DF OF
1 Logan Brown Scott Wilson 60 1 2 2
2 Morgan Frost Troy Terry 40 1 2 2
4 vs 4 Defense
Defense Defense Time % Phy DF OF
1 Connor Clifton Tarmo Reunanen 60 1 2 2
2 Dylan DeMelo Jack Glover 40 1 2 2
Last Minutes Offensive
Center Left Wing Right Wing Defense Defense
Logan Brown Anton Blidh Jakub Vrana Dean Kukan Andrei Mironov
Last Minutes Defensive
Center Left Wing Right Wing Defense Defense
Logan Brown Anton Blidh Jakub Vrana Dean Kukan Andrei Mironov
Goaltenders
Starting : Eamon McAdam
Backup : Louis Domingue
Extra Forwards
Normal : Anton Blidh, Jakub Vrana, Scott Wilson - PP : Jakub Vrana, Anton Blidh - PK : Sergey Tolchinsky
Extra Defensemen
Normal : Connor Clifton, Tarmo Reunanen, Dean Kukan - PP : Connor Clifton - PK : Tarmo Reunanen, Dean Kukan
Penalty Shots
Jakub Vrana, Logan Brown, Scott Wilson, Anton Blidh, Sergey Tolchinsky
Custom OT Lines Forwards
Jakub Vrana, Logan Brown, Scott Wilson, Anton Blidh, Sergey Tolchinsky, Troy Terry, Morgan Frost, Luke Kunin, Mikhail Maltsev, Henri Ikonen
Custom OT Lines Defensemen
Dean Kukan, Andrei Mironov, Dylan DeMelo, Jack Glover, Connor Clifton
Scratches
Branden Troock (Healthy), Damien Giroux (Healthy), Jake Pivonka (Healthy), Francis Perron (Healthy), Ryan Collins (Healthy)
Taylor Leier (Healthy), MacKenzie Entwistle (Healthy), Zack MacEwen (Healthy), Niklas Nordgren (Healthy), John Beecher (Healthy)
Massimo Rizzo (Healthy), Markus Niemelainen (Bruised Left Arm Injury), Drew Helleson (Healthy), Pavel Dorofeyev (Healthy), Alexis Gravel (Healthy)
Connor Ingram (Healthy), Mads Sogaard (Healthy)
Thunderbirds
5 vs 5 Forward
Center Left Wing Right Wing Time % Phy DF OF
1 Nathan Smith Pierre Engvall Joachim Blichfeld 40 1 2 2
2 Anthony Richard Michael Rasmussen Dylan Sikura 30 1 2 2
3 Trent Frederic Artturi Lehkonen Emil Bemstrom 20 1 2 2
4 Rasmus Kupari Paul Cotter Trey Fix-Wolansky 10 1 2 2
5 vs 5 Defense
Defense Defense Time % Phy DF OF
1 Jeremy Lauzon Henri Jokiharju 40 1 2 2
2 Dylan Blujus Matt Roy 30 1 2 2
3 Frederic Allard Sami Niku 20 1 2 2
4 Jeremy Lauzon Dylan Blujus 10 1 2 2
PowerPlay Forward
Center Left Wing Right Wing Time % Phy DF OF
1 Nathan Smith Michael Rasmussen Joachim Blichfeld 60 1 2 2
2 Anthony Richard Pierre Engvall Emil Bemstrom 40 1 2 2
PowerPlay Defense
Defense Defense Time % Phy DF OF
1 Sami Niku Jeremy Lauzon 60 1 2 2
2 Matt Roy Henri Jokiharju 40 1 2 2
Penalty Kill 4 Players Forward
Center Wing Time % Phy DF OF
1 Trent Frederic Pierre Engvall 60 1 2 2
2 Anthony Richard Dylan Sikura 40 1 2 2
Penalty Kill 4 Players Defense
Defense Defense Time % Phy DF OF
1 Henri Jokiharju Jeremy Lauzon 60 1 2 2
2 Dylan Blujus Frederic Allard 40 1 2 2
Penalty Kill - 3 Players Forward
Forward Time % Phy DF OF
1 Trent Frederic 60 1 2 2
2 Anthony Richard 40 1 2 2
Penalty Kill - 3 Players Defense
Defense Defense Time % Phy DF OF
1 Dylan Blujus Henri Jokiharju 60 1 2 2
2 Jeremy Lauzon Frederic Allard 40 1 2 2
4 vs 4 Forward
Center Wing Time % Phy DF OF
1 Nathan Smith Michael Rasmussen 60 1 2 2
2 Anthony Richard Pierre Engvall 40 1 2 2
4 vs 4 Defense
Defense Defense Time % Phy DF OF
1 Henri Jokiharju Dylan Blujus 60 1 2 2
2 Matt Roy Jeremy Lauzon 40 1 2 2
Last Minutes Offensive
Center Left Wing Right Wing Defense Defense
Nathan Smith Pierre Engvall Joachim Blichfeld Jeremy Lauzon Sami Niku
Last Minutes Defensive
Center Left Wing Right Wing Defense Defense
Trent Frederic Artturi Lehkonen Pierre Engvall Henri Jokiharju Frederic Allard
Goaltenders
Starting : Emil Larmi
Backup : Magnus Hellberg
Extra Forwards
Normal : Rasmus Kupari, Dylan Sikura, Trey Fix-Wolansky - PP : Trent Frederic, Artturi Lehkonen - PK : Trey Fix-Wolansky
Extra Defensemen
Normal : Frederic Allard, Sami Niku, Jeremy Lauzon - PP : Sami Niku - PK : Frederic Allard, Dylan Blujus
Penalty Shots
Nathan Smith, Anthony Richard, Joachim Blichfeld, Trey Fix-Wolansky, Rasmus Kupari
Custom OT Lines Forwards
Nathan Smith, Pierre Engvall, Dylan Sikura, Joachim Blichfeld, Anthony Richard, Trent Frederic, Artturi Lehkonen, Michael Rasmussen, Emil Bemstrom, Paul Cotter
Custom OT Lines Defensemen
Jeremy Lauzon, Henri Jokiharju, Dylan Blujus, Frederic Allard, Matt Roy
Scratches
Calen Addison (Healthy), Rourke Chartier (Healthy), Alex Vlasic (Healthy), Rafael Harvey-Pinard (Healthy), Nicholas Robertson (Healthy)
Arturs Silovs (Healthy)
% Time on Ice - Gulls
Lines # - Real PCT - Wanted PCT - Time Play
Normal Forward
1 - 29% - 35% - 12:13
2 - 29% - 30% - 11:59
3 - 25% - 25% - 10:37
4 - 17% - 10% - 7:02
Normal Defense
1 - 40% - 40% - 16:47
2 - 35% - 30% - 14:34
3 - 24% - 20% - 10:09
4 - 1% - 10% - 0:21
PP Forward
1 - 56% - 60% - 5:43
2 - 44% - 40% - 4:30
PP Defense
1 - 56% - 60% - 5:46
2 - 44% - 40% - 4:27
PK Forward
1 - 71% - 60% - 5:39
2 - 29% - 40% - 2:17
PK Defense
1 - 61% - 60% - 4:51
2 - 39% - 40% - 3:05
PK3 Forward
1 - 0% - 60%
2 - 0% - 40%
PK3 Defense
1 - 0% - 60%
2 - 0% - 40%
44 Forward
1 - 0% - 60%
2 - 0% - 40%
44 Defense
1 - 0% - 60%
2 - 0% - 40%
Last Minute Offensive - 0:00
Last Minute Defensive - 0:00
Total
Forward - 60:00
Defense - 60:00
|
% Time on Ice - Thunderbirds
Lines # - Real PCT - Wanted PCT - Time Play
Normal Forward
1 - 33% - 40% - 13:51
2 - 31% - 30% - 13:04
3 - 18% - 20% - 7:35
4 - 18% - 10% - 7:21
Normal Defense
1 - 45% - 40% - 18:48
2 - 32% - 30% - 13:21
3 - 19% - 20% - 8:03
4 - 4% - 10% - 1:39
PP Forward
1 - 54% - 60% - 4:17
2 - 46% - 40% - 3:39
PP Defense
1 - 64% - 60% - 5:07
2 - 36% - 40% - 2:49
PK Forward
1 - 68% - 60% - 6:56
2 - 32% - 40% - 3:17
PK Defense
1 - 68% - 60% - 6:59
2 - 32% - 40% - 3:14
PK3 Forward
1 - 0% - 60%
2 - 0% - 40%
PK3 Defense
1 - 0% - 60%
2 - 0% - 40%
44 Forward
1 - 0% - 60%
2 - 0% - 40%
44 Defense
1 - 0% - 60%
2 - 0% - 40%
Last Minute Offensive - 0:00
Last Minute Defensive - 0:00
Total
Forward - 60:00
Defense - 60:00
|
Play-by-Play
1st period
0:01 of 1st period - Nathan Smith wins face-off versus Logan Brown in neutral zone.
0:26 of 1st period - Troy Terry is hit by Michael Rasmussen.
1:13 of 1st period - Wrist shot by Luke Kunin.
1:13 of 1st period - Stopped by Emil Larmi with a rebound.
1:16 of 1st period - Icing by Matt Roy.
1:17 of 1st period - Rasmus Kupari wins face-off versus Logan Brown in Thunderbirds zone.
1:31 of 1st period - Off-side.
1:32 of 1st period - Joachim Blichfeld wins face-off versus Morgan Frost in neutral zone.
1:42 of 1st period - Wrist shot by Joachim Blichfeld.
1:42 of 1st period - Stopped by Eamon McAdam without a rebound.
1:43 of 1st period - Luke Kunin wins face-off versus Dylan Sikura in Gulls zone.
2:08 of 1st period - Logan Brown is hit by Dylan Blujus and loses puck.
2:55 of 1st period - Slapshot by Jack Glover.
2:55 of 1st period - Deflect By Troy Terry.
2:55 of 1st period - Stopped by Emil Larmi with a rebound.
3:14 of 1st period - Henri Ikonen is hit by Dylan Sikura and loses puck.
3:15 of 1st period - Henri Ikonen from Gulls is injured at 3:15 of 1st period (Right Forearm).
3:16 of 1st period - Luke Kunin wins face-off versus Pierre Engvall in Gulls zone.
3:41 of 1st period - Andrei Mironov is hit by Michael Rasmussen and loses puck.
4:11 of 1st period - Slapshot by Jeremy Lauzon.
4:11 of 1st period - Shot Blocked by Dean Kukan.
4:25 of 1st period - Wrist shot by Scott Wilson.
4:25 of 1st period - Shot Misses the Net.
4:27 of 1st period - Slapshot by Dean Kukan.
4:27 of 1st period - Shot Misses the Net.
4:29 of 1st period - Slapshot by Dean Kukan.
4:29 of 1st period - Stopped by Emil Larmi with a rebound.
4:51 of 1st period - Snap shot by Joachim Blichfeld.
4:51 of 1st period - Shot Blocked by Tarmo Reunanen.
4:53 of 1st period - Wrist shot by Pierre Engvall.
4:53 of 1st period - Shot Blocked by Anton Blidh.
5:31 of 1st period - Minor Penalty to Dylan Sikura for Roughing.
5:32 of 1st period - Trent Frederic wins face-off versus Morgan Frost in Thunderbirds zone.
5:56 of 1st period - Icing by Jack Glover.
5:57 of 1st period - Trent Frederic wins face-off versus Morgan Frost in Gulls zone.
6:02 of 1st period - Wrist shot by Pierre Engvall.
6:02 of 1st period - Shot Blocked by Morgan Frost.
6:04 of 1st period - Slapshot by Frederic Allard.
6:04 of 1st period - Stopped by Eamon McAdam with a rebound.
7:30 of 1st period - Andrei Mironov is hit by Henri Jokiharju and loses puck.
7:31 of 1st period - Penalty to Dylan Sikura is over, Dylan Sikura is back on ice.
7:42 of 1st period - Off-side.
7:43 of 1st period - Luke Kunin wins face-off versus Nathan Smith in neutral zone.
7:46 of 1st period - Slapshot by Scott Wilson.
7:46 of 1st period - Shot Blocked by Sami Niku.
8:02 of 1st period - Slapshot by Anthony Richard.
8:02 of 1st period - Stopped by Eamon McAdam with a rebound.
8:04 of 1st period - Slapshot by Matt Roy.
8:04 of 1st period - Shot Misses the Net.
8:06 of 1st period - Slapshot by Matt Roy.
8:06 of 1st period - Stopped by Eamon McAdam without a rebound.
8:07 of 1st period - Anthony Richard wins face-off versus Barrett Hayton in Gulls zone.
8:08 of 1st period - Wrist shot by Dylan Sikura.
8:08 of 1st period - Shot Misses the Net.
8:15 of 1st period - Off-side.
8:16 of 1st period - Morgan Frost wins face-off versus Anthony Richard in neutral zone.
8:27 of 1st period - Slapshot by Dylan Sikura.
8:27 of 1st period - Shot Misses the Net.
8:29 of 1st period - Slapshot by Henri Jokiharju.
8:29 of 1st period - Stopped by Eamon McAdam without a rebound.
8:30 of 1st period - Nathan Smith wins face-off versus Morgan Frost in Gulls zone.
8:41 of 1st period - Wrist shot by Joachim Blichfeld.
8:41 of 1st period - Stopped by Eamon McAdam without a rebound.
8:42 of 1st period - Nathan Smith wins face-off versus Logan Brown in Gulls zone.
8:45 of 1st period - Snap shot by Joachim Blichfeld.
8:45 of 1st period - Stopped by Eamon McAdam without a rebound.
8:46 of 1st period - Nathan Smith wins face-off versus Logan Brown in Gulls zone.
8:50 of 1st period - Minor Penalty to Logan Brown for Hooking.
8:51 of 1st period - Nathan Smith wins face-off versus Luke Kunin in Gulls zone.
10:50 of 1st period - Penalty to Logan Brown is over, Logan Brown is back on ice.
11:18 of 1st period - Slapshot by Logan Brown.
11:18 of 1st period - Shot Misses the Net.
11:20 of 1st period - Wrist shot by Logan Brown.
11:20 of 1st period - Stopped by Emil Larmi with a rebound.
11:22 of 1st period - Slapshot by Dylan DeMelo.
11:22 of 1st period - Shot Misses the Net.
11:56 of 1st period - Snap shot by Scott Wilson.
11:56 of 1st period - Shot Misses the Net.
12:02 of 1st period - Slapshot by Scott Wilson.
12:02 of 1st period - Deflect By Morgan Frost.
12:02 of 1st period - Stopped by Emil Larmi with a rebound.
12:04 of 1st period - Slapshot by Scott Wilson.
12:04 of 1st period - Deflect By Logan Brown.
12:04 of 1st period - Shot Misses the Net.
12:04 of 1st period - Puck is out of play.
12:05 of 1st period - Barrett Hayton wins face-off versus Anthony Richard in Thunderbirds zone.
12:49 of 1st period - Dylan Blujus is hit by Luke Kunin and loses puck.
13:06 of 1st period - Snap shot by Sergey Tolchinsky.
13:06 of 1st period - Shot Misses the Net.
13:20 of 1st period - Emil Bemstrom is hit by Barrett Hayton and loses puck.
13:43 of 1st period - Troy Terry is hit by Nathan Smith and loses puck.
13:59 of 1st period - Anthony Richard is hit by Logan Brown and loses puck.
14:12 of 1st period - Wrist shot by Logan Brown.
14:12 of 1st period - Stopped by Emil Larmi with a rebound.
14:14 of 1st period - Slapshot by Andrei Mironov.
14:14 of 1st period - Stopped by Emil Larmi with a rebound.
14:16 of 1st period - Slapshot by Connor Clifton.
14:16 of 1st period - Deflect By Anthony Richard.
14:16 of 1st period - Stopped by Emil Larmi without a rebound.
14:17 of 1st period - Nathan Smith wins face-off versus Luke Kunin in Thunderbirds zone.
14:26 of 1st period - Snap shot by Pierre Engvall.
14:26 of 1st period - Stopped by Eamon McAdam without a rebound.
14:27 of 1st period - Nathan Smith wins face-off versus Luke Kunin in Gulls zone.
14:30 of 1st period - Snap shot by Joachim Blichfeld.
14:30 of 1st period - Stopped by Eamon McAdam with a rebound.
14:36 of 1st period - Slapshot by Dean Kukan.
14:36 of 1st period - Deflect By Mikhail Maltsev.
14:36 of 1st period - Stopped by Emil Larmi with a rebound.
14:42 of 1st period - Snap shot by Mikhail Maltsev.
14:42 of 1st period - Shot Blocked by Henri Jokiharju.
14:44 of 1st period - Wrist shot by Andrei Mironov.
14:44 of 1st period - Shot Blocked by Joachim Blichfeld.
14:57 of 1st period - Minor Penalty to Joachim Blichfeld for Interference.
14:58 of 1st period - Trent Frederic wins face-off versus Logan Brown in Thunderbirds zone.
15:14 of 1st period - Wrist shot by Dean Kukan.
15:14 of 1st period - Goal by Dean Kukan - Gulls : 1 - Thunderbirds : 0.
15:15 of 1st period - Nathan Smith wins face-off versus Logan Brown in neutral zone.
15:32 of 1st period - Wrist shot by Nathan Smith.
15:32 of 1st period - Stopped by Eamon McAdam without a rebound.
15:33 of 1st period - Anthony Richard wins face-off versus Luke Kunin in Gulls zone.
15:36 of 1st period - Slapshot by Anthony Richard.
15:36 of 1st period - Shot Misses the Net.
16:09 of 1st period - Snap shot by Troy Terry.
16:09 of 1st period - Deflect By Jeremy Lauzon.
16:09 of 1st period - Shot Hit the Post.
16:09 of 1st period - Puck is out of play.
16:10 of 1st period - Nathan Smith wins face-off versus Logan Brown in Thunderbirds zone.
16:10 of 1st period - Nathan Smith is hit by Anton Blidh.
16:21 of 1st period - Minor Penalty to Sami Niku for Tripping.
16:22 of 1st period - Logan Brown wins face-off versus Trent Frederic in Thunderbirds zone.
16:44 of 1st period - Pierre Engvall is hit by Anton Blidh and loses puck.
17:15 of 1st period - Logan Brown is hit by Frederic Allard and loses puck.
17:47 of 1st period - Icing by Andrei Mironov.
17:48 of 1st period - Logan Brown wins face-off versus Trey Fix-Wolansky in Gulls zone.
18:21 of 1st period - Penalty to Sami Niku is over, Sami Niku is back on ice.
18:46 of 1st period - Jack Glover is hit by Frederic Allard and loses puck.
19:52 of 1st period - Jeremy Lauzon is hit by Anton Blidh and loses puck.
Goals for this period are 1 for Gulls vs 0 for Thunderbirds.
Shots for this period are 10 for Gulls vs 10 for Thunderbirds.
2nd period
0:01 of 2nd period - Nathan Smith wins face-off versus Logan Brown in neutral zone.
0:06 of 2nd period - Snap shot by Joachim Blichfeld.
0:06 of 2nd period - Shot Blocked by Dean Kukan.
0:08 of 2nd period - Snap shot by Joachim Blichfeld.
0:08 of 2nd period - Shot Misses the Net.
0:12 of 2nd period - Snap shot by Pierre Engvall.
0:12 of 2nd period - Stopped by Eamon McAdam without a rebound.
0:13 of 2nd period - Nathan Smith wins face-off versus Logan Brown in Gulls zone.
1:01 of 2nd period - Wrist shot by Emil Bemstrom.
1:01 of 2nd period - Deflect By Mikhail Maltsev.
1:01 of 2nd period - Shot Misses the Net.
1:01 of 2nd period - Puck is out of play.
1:02 of 2nd period - Trent Frederic wins face-off versus Luke Kunin in Gulls zone.
1:12 of 2nd period - Double Minor Penalty to Emil Bemstrom for Slashing.
1:13 of 2nd period - Logan Brown wins face-off versus Trent Frederic in Thunderbirds zone.
1:13 of 2nd period - Snap shot by Anton Blidh.
1:13 of 2nd period - Stopped by Emil Larmi without a rebound.
1:14 of 2nd period - Trent Frederic wins face-off versus Logan Brown in Thunderbirds zone.
1:39 of 2nd period - Morgan Frost is hit by Henri Jokiharju and loses puck.
2:15 of 2nd period - Off-side.
2:16 of 2nd period - Trent Frederic wins face-off versus Logan Brown in neutral zone.
2:41 of 2nd period - Frederic Allard is hit by Sergey Tolchinsky and loses puck.
3:44 of 2nd period - Slapshot by Trey Fix-Wolansky.
3:44 of 2nd period - Shot Misses the Net.
4:20 of 2nd period - Jeremy Lauzon is hit by Dean Kukan and loses puck.
5:12 of 2nd period - Penalty to Emil Bemstrom is over, Emil Bemstrom is back on ice.
5:19 of 2nd period - Scott Wilson is hit by Rasmus Kupari.
5:23 of 2nd period - Jack Glover is hit by Trey Fix-Wolansky and loses puck.
6:11 of 2nd period - Snap shot by Trey Fix-Wolansky.
6:11 of 2nd period - Stopped by Eamon McAdam without a rebound.
6:12 of 2nd period - Rasmus Kupari wins face-off versus Morgan Frost in Gulls zone.
6:29 of 2nd period - Slapshot by Sami Niku.
6:29 of 2nd period - Shot Blocked by Dean Kukan.
6:39 of 2nd period - Snap shot by Artturi Lehkonen.
6:39 of 2nd period - Shot Blocked by Logan Brown.
7:03 of 2nd period - Slapshot by Henri Jokiharju.
7:03 of 2nd period - Stopped by Eamon McAdam with a rebound.
7:05 of 2nd period - Snap shot by Anthony Richard.
7:05 of 2nd period - Shot Blocked by Jack Glover.
7:07 of 2nd period - Snap shot by Michael Rasmussen.
7:07 of 2nd period - Stopped by Eamon McAdam without a rebound.
7:08 of 2nd period - Anthony Richard wins face-off versus Luke Kunin in Gulls zone.
7:11 of 2nd period - Snap shot by Anthony Richard.
7:11 of 2nd period - Shot Misses the Net.
7:13 of 2nd period - Slapshot by Frederic Allard.
7:13 of 2nd period - Deflect By Anthony Richard.
7:13 of 2nd period - Stopped by Eamon McAdam with a rebound.
7:15 of 2nd period - Wrist shot by Anthony Richard.
7:15 of 2nd period - Deflect By Michael Rasmussen.
7:15 of 2nd period - Shot Blocked by Luke Kunin.
7:15 of 2nd period - Puck is out of play.
7:16 of 2nd period - Luke Kunin wins face-off versus Nathan Smith in Gulls zone.
7:33 of 2nd period - Slapshot by Sami Niku.
7:33 of 2nd period - Shot Hit the Post.
7:51 of 2nd period - Wrist shot by Anthony Richard.
7:51 of 2nd period - Shot Blocked by Connor Clifton.
9:30 of 2nd period - Slapshot by Henri Jokiharju.
9:30 of 2nd period - Stopped by Eamon McAdam with a rebound.
9:32 of 2nd period - Snap shot by Dylan Sikura.
9:32 of 2nd period - Stopped by Eamon McAdam with a rebound.
9:34 of 2nd period - Wrist shot by Anthony Richard.
9:34 of 2nd period - Stopped by Eamon McAdam with a rebound.
9:36 of 2nd period - Wrist shot by Michael Rasmussen.
9:36 of 2nd period - Shot Misses the Net.
9:38 of 2nd period - Snap shot by Anthony Richard.
9:38 of 2nd period - Shot Misses the Net.
9:56 of 2nd period - Wrist shot by Pierre Engvall.
9:56 of 2nd period - Shot Misses the Net.
9:58 of 2nd period - Slapshot by Dylan Blujus.
9:58 of 2nd period - Goal by Dylan Blujus - Gulls : 1 - Thunderbirds : 1.
9:59 of 2nd period - Logan Brown wins face-off versus Nathan Smith in neutral zone.
10:24 of 2nd period - Anthony Richard is hit by Andrei Mironov and loses puck.
11:13 of 2nd period - Snap shot by Logan Brown.
11:13 of 2nd period - Shot Blocked by Trey Fix-Wolansky.
11:15 of 2nd period - Slapshot by Connor Clifton.
11:15 of 2nd period - Stopped by Emil Larmi without a rebound.
11:16 of 2nd period - Nathan Smith wins face-off versus Logan Brown in Thunderbirds zone.
11:29 of 2nd period - Wrist shot by Joachim Blichfeld.
11:29 of 2nd period - Deflect By Nathan Smith.
11:29 of 2nd period - Stopped by Eamon McAdam with a rebound.
11:31 of 2nd period - Minor Penalty to Logan Brown for Roughing.
11:32 of 2nd period - Luke Kunin wins face-off versus Nathan Smith in Gulls zone.
12:10 of 2nd period - Scott Wilson is hit by Anthony Richard and loses puck.
12:59 of 2nd period - Wrist shot by Barrett Hayton.
12:59 of 2nd period - Shot Misses the Net.
13:31 of 2nd period - Penalty to Logan Brown is over, Logan Brown is back on ice.
13:39 of 2nd period - Artturi Lehkonen is hit by Logan Brown and loses puck.
14:08 of 2nd period - Snap shot by Mikhail Maltsev.
14:08 of 2nd period - Stopped by Emil Larmi with a rebound.
14:20 of 2nd period - Morgan Frost is hit by Emil Bemstrom and loses puck.
15:29 of 2nd period - Joachim Blichfeld is hit by Dylan DeMelo and loses puck.
15:48 of 2nd period - Luke Kunin is hit by Henri Jokiharju and loses puck.
16:01 of 2nd period - Dylan DeMelo is hit by Anthony Richard and loses puck.
16:40 of 2nd period - Snap shot by Anton Blidh.
16:40 of 2nd period - Shot Misses the Net.
17:16 of 2nd period - Scott Wilson is hit by Pierre Engvall and loses puck.
17:43 of 2nd period - Paul Cotter is hit by Troy Terry and loses puck.
18:09 of 2nd period - Tarmo Reunanen is hit by Anthony Richard and loses puck.
18:41 of 2nd period - Sami Niku is hit by Logan Brown.
19:08 of 2nd period - Connor Clifton is hit by Paul Cotter and loses puck.
19:39 of 2nd period - Luke Kunin is hit by Anthony Richard and loses puck.
19:44 of 2nd period - Slapshot by Anthony Richard.
19:44 of 2nd period - Shot Hit the Post.
19:46 of 2nd period - Wrist shot by Michael Rasmussen.
19:46 of 2nd period - Stopped by Eamon McAdam without a rebound.
19:47 of 2nd period - Morgan Frost wins face-off versus Nathan Smith in Gulls zone.
Goals for this period are 0 for Gulls vs 1 for Thunderbirds.
Shots for this period are 3 for Gulls vs 11 for Thunderbirds.
3rd period
0:01 of 3rd period - Nathan Smith wins face-off versus Logan Brown in neutral zone.
0:55 of 3rd period - Snap shot by Emil Bemstrom.
0:55 of 3rd period - Stopped by Eamon McAdam with a rebound.
1:29 of 3rd period - Pierre Engvall is hit by Tarmo Reunanen and loses puck.
1:45 of 3rd period - Off-side.
1:46 of 3rd period - Morgan Frost wins face-off versus Anthony Richard in neutral zone.
1:53 of 3rd period - Slapshot by Dean Kukan.
1:53 of 3rd period - Shot Blocked by Henri Jokiharju.
2:33 of 3rd period - Snap shot by Sergey Tolchinsky.
2:33 of 3rd period - Stopped by Emil Larmi without a rebound.
2:34 of 3rd period - Logan Brown wins face-off versus Nathan Smith in Thunderbirds zone.
3:01 of 3rd period - Dylan DeMelo is hit by Artturi Lehkonen and loses puck.
3:08 of 3rd period - Snap shot by Artturi Lehkonen.
3:08 of 3rd period - Shot Misses the Net.
3:10 of 3rd period - Snap shot by Emil Bemstrom.
3:10 of 3rd period - Shot Blocked by Barrett Hayton.
3:26 of 3rd period - Wrist shot by Scott Wilson.
3:26 of 3rd period - Shot Misses the Net.
3:28 of 3rd period - Snap shot by Luke Kunin.
3:28 of 3rd period - Stopped by Emil Larmi with a rebound.
3:30 of 3rd period - Wrist shot by Scott Wilson.
3:30 of 3rd period - Shot Misses the Net.
3:32 of 3rd period - Snap shot by Luke Kunin.
3:32 of 3rd period - Stopped by Emil Larmi with a rebound.
3:44 of 3rd period - Nathan Smith is hit by Andrei Mironov and loses puck.
3:55 of 3rd period - Snap shot by Dylan Sikura.
3:55 of 3rd period - Stopped by Eamon McAdam with a rebound.
3:57 of 3rd period - Wrist shot by Michael Rasmussen.
3:57 of 3rd period - Stopped by Eamon McAdam without a rebound.
3:58 of 3rd period - Morgan Frost wins face-off versus Anthony Richard in Gulls zone.
3:58 of 3rd period - Morgan Frost is hit by Michael Rasmussen.
4:13 of 3rd period - Wrist shot by Dylan Sikura.
4:13 of 3rd period - Stopped by Eamon McAdam without a rebound.
4:14 of 3rd period - Nathan Smith wins face-off versus Logan Brown in Gulls zone.
4:19 of 3rd period - Wrist shot by Joachim Blichfeld.
4:19 of 3rd period - Shot Blocked by Andrei Mironov.
4:21 of 3rd period - Slapshot by Nathan Smith.
4:21 of 3rd period - Goal by Nathan Smith - Gulls : 1 - Thunderbirds : 2.
4:22 of 3rd period - Logan Brown wins face-off versus Nathan Smith in neutral zone.
4:25 of 3rd period - Backhand shot by Anton Blidh.
4:25 of 3rd period - Stopped by Emil Larmi without a rebound.
4:26 of 3rd period - Logan Brown wins face-off versus Nathan Smith in Thunderbirds zone.
4:27 of 3rd period - Snap shot by Anton Blidh.
4:27 of 3rd period - Goal by Anton Blidh - Gulls : 2 - Thunderbirds : 2.
4:28 of 3rd period - Logan Brown wins face-off versus Nathan Smith in neutral zone.
4:35 of 3rd period - Andrei Mironov is hit by Nathan Smith and loses puck.
5:17 of 3rd period - Snap shot by Jeremy Lauzon.
5:17 of 3rd period - Stopped by Eamon McAdam without a rebound.
5:18 of 3rd period - Trent Frederic wins face-off versus Logan Brown in Gulls zone.
5:29 of 3rd period - Jakub Vrana is hit by Emil Bemstrom and loses puck.
5:38 of 3rd period - Snap shot by Emil Bemstrom.
5:38 of 3rd period - Shot Blocked by Dean Kukan.
5:44 of 3rd period - Andrei Mironov is hit by Dylan Blujus and loses puck.
6:51 of 3rd period - Wrist shot by Rasmus Kupari.
6:51 of 3rd period - Shot Misses the Net.
6:53 of 3rd period - Snap shot by Rasmus Kupari.
6:53 of 3rd period - Shot Misses the Net.
6:58 of 3rd period - Icing by Nick Merkley.
6:59 of 3rd period - Barrett Hayton wins face-off versus Nathan Smith in Gulls zone.
7:30 of 3rd period - Wrist shot by Jeremy Lauzon.
7:30 of 3rd period - Stopped by Eamon McAdam with a rebound.
7:32 of 3rd period - Snap shot by Joachim Blichfeld.
7:32 of 3rd period - Stopped by Eamon McAdam with a rebound.
7:34 of 3rd period - Snap shot by Pierre Engvall.
7:34 of 3rd period - Shot Blocked by Tarmo Reunanen.
7:50 of 3rd period - Snap shot by Joachim Blichfeld.
7:50 of 3rd period - Shot Misses the Net.
7:52 of 3rd period - Slapshot by Nathan Smith.
7:52 of 3rd period - Stopped by Eamon McAdam with a rebound.
7:54 of 3rd period - Wrist shot by Pierre Engvall.
7:54 of 3rd period - Shot Blocked by Connor Clifton.
7:56 of 3rd period - Slapshot by Jeremy Lauzon.
7:56 of 3rd period - Deflect By Nathan Smith.
7:56 of 3rd period - Shot Misses the Net.
7:56 of 3rd period - Puck is out of play.
7:57 of 3rd period - Logan Brown wins face-off versus Anthony Richard in Gulls zone.
7:59 of 3rd period - Minor Penalty to Logan Brown for Tripping.
8:00 of 3rd period - Anthony Richard wins face-off versus Luke Kunin in Gulls zone.
8:02 of 3rd period - Snap shot by Emil Bemstrom.
8:02 of 3rd period - Stopped by Eamon McAdam with a rebound.
8:04 of 3rd period - Slapshot by Jeremy Lauzon.
8:04 of 3rd period - Shot Blocked by Sergey Tolchinsky.
8:06 of 3rd period - Snap shot by Emil Bemstrom.
8:06 of 3rd period - Stopped by Eamon McAdam with a rebound.
8:08 of 3rd period - Wrist shot by Pierre Engvall.
8:08 of 3rd period - Shot Blocked by Sergey Tolchinsky.
8:10 of 3rd period - Wrist shot by Pierre Engvall.
8:10 of 3rd period - Shot Misses the Net.
8:34 of 3rd period - Nathan Smith is hit by Scott Wilson and loses puck.
9:32 of 3rd period - Icing by Joachim Blichfeld.
9:33 of 3rd period - Nathan Smith wins face-off versus Luke Kunin in Thunderbirds zone.
9:38 of 3rd period - Sergey Tolchinsky is hit by Jeremy Lauzon.
9:50 of 3rd period - Emil Bemstrom is hit by Scott Wilson and loses puck.
9:54 of 3rd period - Icing by Emil Bemstrom.
9:55 of 3rd period - Luke Kunin wins face-off versus Anthony Richard in Thunderbirds zone.
9:59 of 3rd period - Penalty to Logan Brown is over, Logan Brown is back on ice.
10:00 of 3rd period - Snap shot by Logan Brown.
10:00 of 3rd period - Shot Blocked by Pierre Engvall.
10:13 of 3rd period - Icing by Dylan DeMelo.
10:14 of 3rd period - Logan Brown wins face-off versus Rasmus Kupari in Gulls zone.
10:14 of 3rd period - Logan Brown is hit by Matt Roy.
10:22 of 3rd period - Wrist shot by Logan Brown.
10:22 of 3rd period - Stopped by Emil Larmi without a rebound.
10:23 of 3rd period - Nathan Smith wins face-off versus Logan Brown in Thunderbirds zone.
10:23 of 3rd period - Nathan Smith is hit by Jakub Vrana.
10:45 of 3rd period - Minor Penalty to Anton Blidh for Interference.
10:46 of 3rd period - Nathan Smith wins face-off versus Luke Kunin in Gulls zone.
10:53 of 3rd period - Snap shot by Nathan Smith.
10:53 of 3rd period - Deflect By Joachim Blichfeld.
10:53 of 3rd period - Shot Misses the Net.
10:53 of 3rd period - Puck is out of play.
10:54 of 3rd period - Nathan Smith wins face-off versus Luke Kunin in Gulls zone.
11:07 of 3rd period - Slapshot by Jeremy Lauzon.
11:07 of 3rd period - Stopped by Eamon McAdam without a rebound.
11:08 of 3rd period - Luke Kunin wins face-off versus Nathan Smith in Gulls zone.
11:37 of 3rd period - Dean Kukan is hit by Emil Bemstrom and loses puck.
11:42 of 3rd period - Snap shot by Emil Bemstrom.
11:42 of 3rd period - Deflect By Anthony Richard.
11:42 of 3rd period - Stopped by Eamon McAdam with a rebound.
11:44 of 3rd period - Wrist shot by Jeremy Lauzon.
11:44 of 3rd period - Deflect By Anthony Richard.
11:44 of 3rd period - Deflect By Luke Kunin.
11:44 of 3rd period - Shot Misses the Net.
11:44 of 3rd period - Puck is out of play.
11:45 of 3rd period - Nathan Smith wins face-off versus Luke Kunin in Gulls zone.
12:19 of 3rd period - Slapshot by Morgan Frost.
12:19 of 3rd period - Stopped by Emil Larmi without a rebound.
12:20 of 3rd period - Luke Kunin wins face-off versus Nathan Smith in Thunderbirds zone.
12:45 of 3rd period - Penalty to Anton Blidh is over, Anton Blidh is back on ice.
13:11 of 3rd period - Slapshot by Dean Kukan.
13:11 of 3rd period - Shot Blocked by Dylan Blujus.
13:13 of 3rd period - Wrist shot by Barrett Hayton.
13:13 of 3rd period - Stopped by Emil Larmi without a rebound.
13:14 of 3rd period - Barrett Hayton wins face-off versus Dylan Sikura in Thunderbirds zone.
13:15 of 3rd period - Wrist shot by Nick Merkley.
13:15 of 3rd period - Stopped by Emil Larmi with a rebound.
14:27 of 3rd period - Snap shot by Jakub Vrana.
14:27 of 3rd period - Shot Misses the Net.
14:33 of 3rd period - Snap shot by Logan Brown.
14:33 of 3rd period - Stopped by Emil Larmi without a rebound.
14:34 of 3rd period - Pierre Engvall wins face-off versus Luke Kunin in Thunderbirds zone.
14:41 of 3rd period - Luke Kunin is hit by Jeremy Lauzon.
14:51 of 3rd period - Wrist shot by Henri Jokiharju.
14:51 of 3rd period - Stopped by Eamon McAdam without a rebound.
14:52 of 3rd period - Logan Brown wins face-off versus Anthony Richard in Gulls zone.
14:57 of 3rd period - Wrist shot by Jack Glover.
14:57 of 3rd period - Stopped by Emil Larmi without a rebound.
14:58 of 3rd period - Logan Brown wins face-off versus Anthony Richard in Thunderbirds zone.
15:45 of 3rd period - Jeremy Lauzon is hit by Dylan DeMelo.
15:57 of 3rd period - Logan Brown is hit by Anthony Richard and loses puck.
16:05 of 3rd period - Off-side.
16:06 of 3rd period - Luke Kunin wins face-off versus Trent Frederic in neutral zone.
16:31 of 3rd period - Nathan Smith is hit by Morgan Frost.
16:39 of 3rd period - Snap shot by Morgan Frost.
16:39 of 3rd period - Stopped by Emil Larmi without a rebound.
16:40 of 3rd period - Morgan Frost wins face-off versus Artturi Lehkonen in Thunderbirds zone.
16:41 of 3rd period - Snap shot by Sergey Tolchinsky.
16:41 of 3rd period - Stopped by Emil Larmi without a rebound.
16:42 of 3rd period - Trent Frederic wins face-off versus Luke Kunin in Thunderbirds zone.
16:42 of 3rd period - Trent Frederic is hit by Mikhail Maltsev.
16:45 of 3rd period - Minor Penalty to Henri Jokiharju for Tripping.
16:46 of 3rd period - Trent Frederic wins face-off versus Logan Brown in Thunderbirds zone.
17:36 of 3rd period - Anton Blidh is hit by Trent Frederic and loses puck.
17:47 of 3rd period - Frederic Allard is hit by Jakub Vrana and loses puck.
18:45 of 3rd period - Penalty to Henri Jokiharju is over, Henri Jokiharju is back on ice.
19:01 of 3rd period - Snap shot by Anthony Richard.
19:01 of 3rd period - Stopped by Eamon McAdam with a rebound.
19:13 of 3rd period - Snap shot by Dylan Sikura.
19:13 of 3rd period - Stopped by Eamon McAdam with a rebound.
Goals for this period are 1 for Gulls vs 1 for Thunderbirds.
Shots for this period are 13 for Gulls vs 16 for Thunderbirds.
Overtime #1
0:01 of 1st overtime period - Pierre Engvall wins face-off versus Scott Wilson in neutral zone.
0:30 of 1st overtime period - Wrist shot by Anton Blidh.
0:30 of 1st overtime period - Stopped by Emil Larmi with a rebound.
0:32 of 1st overtime period - Snap shot by Anton Blidh.
0:32 of 1st overtime period - Shot Blocked by Jeremy Lauzon.
2:14 of 1st overtime period - Anton Blidh is hit by Joachim Blichfeld and loses puck.
3:51 of 1st overtime period - Luke Kunin is hit by Artturi Lehkonen and loses puck.
4:08 of 1st overtime period - Nathan Smith is hit by Jakub Vrana and loses puck.
4:27 of 1st overtime period - Snap shot by Anton Blidh.
4:27 of 1st overtime period - Stopped by Emil Larmi without a rebound.
4:28 of 1st overtime period - Pierre Engvall wins face-off versus Scott Wilson in Thunderbirds zone.
Goals for this period are 0 for Gulls vs 0 for Thunderbirds.
Shots for this period are 2 for Gulls vs 0 for Thunderbirds.
ShootOut
5:00 of 1st overtime period - Round #1.
5:00 of 1st overtime period - Gulls, Jakub Vrana.
5:00 of 1st overtime period - Wrist shot by Jakub Vrana.
5:00 of 1st overtime period - Goal by Jakub Vrana.
5:00 of 1st overtime period - Thunderbirds, Nathan Smith.
5:00 of 1st overtime period - Snap shot by Nathan Smith.
5:00 of 1st overtime period - Goal by Nathan Smith.
5:00 of 1st overtime period - Round #2.
5:00 of 1st overtime period - Gulls, Logan Brown.
5:00 of 1st overtime period - Backhand shot by Logan Brown.
5:00 of 1st overtime period - Stopped by Emil Larmi.
5:00 of 1st overtime period - Thunderbirds, Anthony Richard.
5:00 of 1st overtime period - Deke by Anthony Richard.
5:00 of 1st overtime period - Shot Misses the Net.
5:00 of 1st overtime period - Round #3.
5:00 of 1st overtime period - Gulls, Scott Wilson.
5:00 of 1st overtime period - Backhand shot by Scott Wilson.
5:00 of 1st overtime period - Stopped by Emil Larmi.
5:00 of 1st overtime period - Thunderbirds, Joachim Blichfeld.
5:00 of 1st overtime period - Wrist shot by Joachim Blichfeld.
5:00 of 1st overtime period - Shot Misses the Net.
5:00 of 1st overtime period - Round #4.
5:00 of 1st overtime period - Gulls, Anton Blidh.
5:00 of 1st overtime period - Snap shot by Anton Blidh.
5:00 of 1st overtime period - Stopped by Emil Larmi.
5:00 of 1st overtime period - Thunderbirds, Trey Fix-Wolansky.
5:00 of 1st overtime period - Snap shot by Trey Fix-Wolansky.
5:00 of 1st overtime period - Stopped by Eamon McAdam.
5:00 of 1st overtime period - Round #5.
5:00 of 1st overtime period - Gulls, Sergey Tolchinsky.
5:00 of 1st overtime period - Deke by Sergey Tolchinsky.
5:00 of 1st overtime period - Goal by Sergey Tolchinsky.
5:00 of 1st overtime period - Thunderbirds, Rasmus Kupari.
5:00 of 1st overtime period - Snap shot by Rasmus Kupari.
5:00 of 1st overtime period - Goal by Rasmus Kupari.
5:00 of 1st overtime period - Round #6.
5:00 of 1st overtime period - Gulls, Troy Terry.
5:00 of 1st overtime period - Deke by Troy Terry.
5:00 of 1st overtime period - Shot Misses the Net.
5:00 of 1st overtime period - Thunderbirds, Dylan Sikura.
5:00 of 1st overtime period - Deke by Dylan Sikura.
5:00 of 1st overtime period - Shot Misses the Net.
5:00 of 1st overtime period - Round #7.
5:00 of 1st overtime period - Gulls, Andrei Mironov.
5:00 of 1st overtime period - Snap shot by Andrei Mironov.
5:00 of 1st overtime period - Shot Misses the Net.
5:00 of 1st overtime period - Thunderbirds, Emil Bemstrom.
5:00 of 1st overtime period - Deke by Emil Bemstrom.
5:00 of 1st overtime period - Goal by Emil Bemstrom.
Output by the SimonT Hockey Simulator (STHS) for Francois Prevost